 Dungeon Crawl Stone Soup version 0.32-a0-814-g0968bab981 (webtiles) character file.

Game seed: 9276909756099972124

3213 Demosthentine the Trooper (level 9, -5/56 (64) HPs)
             Began as a Demonspawn Gladiator on Mar 22, 2024.
             Was a Follower of Hepliaklqana.
             Killed by divine providence
             ... invoked by Jeremiah
              (11 damage)
             ... on level 7 of the Dungeon.
             The game lasted 00:06:52 (5869 turns).

Demosthentine the Trooper (Demonspawn Gladiator)    Turns: 5869, Time: 00:06:53

HP:   -5/56 (64)    AC:  6    Str: 20    XL:     9   Next: 65%
MP:   9/9           EV: 15    Int: 11    God:    Hepliaklqana [*.....]
Gold: 402           SH:  0    Dex: 22    Spells: 8/8 levels left

rFire   . . .        y - +6 trident of Beogh's Esteem {freeze, rCorr Str+3}
rCold   . . .        (no shield)
rNeg    . . .        b - +0 leather armour
rPois   .            (helmet restricted)
rElec   .            (no cloak)
rCorr   +            w - +0 pair of gloves
SInv    .            h - +0 pair of boots
Will    .....        (no amulet)
Stlth   ++           c - +6 ring of dexterity
HPRegen 0.29/turn    (no ring)
MPRegen 0.11/turn

%: no passive effects
@: heavily drained
A: reduced essence, horns 2, ignite blood 1, big brain 1
a: Renounce Religion, Recall Ancestor, Ancestor Identity


You were on level 7 of the Dungeon.
You worshipped Hepliaklqana.
Hepliaklqana was aware of your devotion.
You visited 2 branches of the dungeon, and saw 8 of its levels.

You collected 402 gold pieces.

Inventory:

Hand Weapons
 y - the +6 trident of Beogh's Esteem (weapon) {freeze, rCorr Str+3}
   (You found it on level 6 of the Dungeon)

   Str+3:     It affects your strength (+3).
   rCorr:     It protects you from acid and corrosion.
 B - a +4 spear of freezing
Missiles
 d - 2 throwing nets (quivered)
 e - a javelin
 u - 6 silver javelins
Armour
 b - a +0 leather armour (worn)
 h - a +0 pair of boots (worn)
 w - a +0 pair of gloves (worn)
Jewellery
 c - a +6 ring of dexterity (left hand)
 v - a ring of ice
 A - a +6 ring of strength
Wands
 j - a wand of quicksilver (6)
 n - a wand of paralysis (19)
 q - a wand of mindburst (16)
 C - a wand of polymorph (11)
Scrolls
 a - a scroll of enchant weapon {unknown}
 g - 2 scrolls of blinking
 l - 7 scrolls of poison
 m - 2 scrolls of fear
 o - a scroll of amnesia
 r - 2 scrolls of teleportation
 t - 2 scrolls of immolation
 x - 2 scrolls of vulnerability
 D - a scroll of identify
Potions
 f - a potion of mutation
 i - a potion of invisibility
 k - 2 potions of haste
 p - 2 potions of curing
 s - 2 potions of degeneration {unknown}
 z - a potion of attraction {unknown}


   Skills:
 + Level 7.1 Fighting
 + Level 6.8 Polearms
 - Level 1.7 Throwing
 + Level 6.1 Armour
 + Level 6.8 Dodging


You had 8 spell levels left.
You didn't know any spells.
Your spell library contained the following spells:

 Spells                   Type           Power      Damage    Failure   Level
 Blink                    Tloc           0%         N/A       52%         2
 Lesser Beckoning         Tloc           0%         N/A       52%         2
 Momentum Strike          Conj/Tloc      0%         3d8       52%         2
 Gell's Gravitas          Tloc           0%         N/A       77%         3
 Passwall                 Erth           0%         N/A       77%         3
 Teleport Other           Tloc           0%         N/A       77%         3
 Volatile Blastmotes      Fire/Tloc      0%         2d10      77%         3
 Bombard                  Conj/Erth      0%         9d1       100%        6
 Sculpt Simulacrum        Ice/Alch       0%         N/A       100%        6
 Ozocubu's Refrigeration  Ice            0%         4d7       100%        7
 Polar Vortex             Ice            0%         N/A       100%        9


Dungeon Overview and Level Annotations

Branches:
Dungeon (7/15)             Temple (1/1) D:5

Altars:
Ashenzari
Cheibriados
Dithmenos
Fedhas
Gozag
Hepliaklqana
Kikubaaqudgha
Makhleb
Nemelex Xobeh
Okawaru
Qazlal
Ru
Sif Muna
Trog
Uskayaw
Vehumet
Wu Jian
Xom
Yredelemnul

Shops:
D:7 =[

Annotations:
D:7 Jeremiah


Innate Abilities, Weirdness & Mutations

Your life essence is reduced to manifest your ancestor. (-10% HP)
You have a pair of horns on your head.
Your demonic aura sometimes causes spilled blood to erupt in flames.
You have an unusually large brain. (Int +2)


Message History

Jeremiah misses you.
Reach: y) +6 trident of Beogh's Esteem {freeze, rCorr Str+3}
Press: ? - help, Dir - move target, f/p - Jeremiah
Aim: Jeremiah, wielding a +4 trident of draining, wearing a +0 robe and wearing an orb of guile (severely wounded, about 32% to evade the +6 trident of Beogh's Esteem)
You reach to attack!
You barely miss Jeremiah.
Jeremiah is severely wounded.
The butterfly disappears in a burst of colours!
The butterfly disappears! x4; Jeremiah closely misses you.
Reach: y) +6 trident of Beogh's Esteem {freeze, rCorr Str+3}
Press: ? - help, Dir - move target, f/p - Jeremiah
Aim: Jeremiah, wielding a +4 trident of draining, wearing a +0 robe and wearing an orb of guile (severely wounded, about 32% to evade the +6 trident of Beogh's Esteem)
The butterfly is in the way.
You closely miss the butterfly. Your headbutt misses the butterfly.
The butterfly disappears in a burst of colours!
Jeremiah hits you from afar with a +4 trident of draining!
* * * LOW HITPOINT WARNING * * *
You feel drained.
* * * LOW HITPOINT WARNING * * *
You feel better.
The butterfly disappears! x2; Jeremiah hops!
Reach: y) +6 trident of Beogh's Esteem {freeze, rCorr Str+3}
Press: ? - help, Dir - move target, f - you, p - Jeremiah That would be overly suicidal.
Okay, then.
Unknown command.
Unknown command.
You swap places.
The butterfly disappears! x2
Things that are here:
a +0 whip; a +0 robe; a +0 flail Jeremiah lets out a twisted cry.
Something smites you!
* * * LOW HITPOINT WARNING * * *
Reach: y) +6 trident of Beogh's Esteem {freeze, rCorr Str+3}
Press: ? - help, Dir - move target, f - you
Okay, then.
The butterfly disappears in a burst of colours!
Jeremiah mumbles a slurred invocation.
Something smites you!
You die...
Jeremiah says, "O terrible one, your will is done."
Hepliaklqana delivers you to your ancestors.

### ###### #.. ....#
..#######...### ###.
#.#F#b#.#.#...# #...
#.#bbb^^#..)#.# #...
#.#########...### #...
#$@R)b..b.#...!.## #...
#†#########.###..#
#...#####)#^^^^^#...###..#
#.........#.#.#.#.$......##
#....)###.#######.$.....∩..
#...[..............##.##...
#...###....##........###..#
#... #..####....).#......#
###. ##....#......#####...


You could see the friendly Ered the ancestor and Jeremiah (ally target).

Vanquished Creatures
  The ghost of ezpacito the Trooper, a novice CoCK of Xom (D:5)
  A wyvern (D:7)
  Sigmund (D:4)
  A water moccasin (D:7)
  An orc warrior (D:6)
  A black bear (D:5)
  3 ice beasts (D:6)
  2 ogres
  3 bullfrogs (D:7)
  7 scorpions
  3 wights (D:7)
  3 jellies
  An orc priest (D:5)
  2 bombardier beetles
  A hound (D:6)
  A gnoll bouda (D:7)
  2 sleepcaps
  2 iguanas (D:5)
  An orc wizard (D:3)
  9 adders
  8 gnolls
  2 white imps
  2 ribbon worms
  3 dart slugs
  10 orcs
  6 ball pythons
  6 endoplasms
  A giant cockroach (D:1)
  11 goblins
  6 hobgoblins
  3 jackals (D:2)
  2 kobolds
  6 quokkas
  2 bats
  2 frilled lizards
  5 rats
121 creatures vanquished.

Vanquished Creatures (collateral kills)
  A black bear (D:6)
  An ice beast (D:6)
  A phantom (D:7)
  A bullfrog (D:7)
  A jelly (D:6)
  2 gnolls (D:7)
7 creatures vanquished.

Vanquished Creatures (others)
  An ancestor (D:5)
1 creature vanquished.

Grand Total: 129 creatures vanquished

Notes
Turn   | Place    | Note
-------+----------+-------------------------------------------
     0 | D:1      | Demosthentine the Demonspawn Gladiator began the quest for
                  | the Orb.
     0 | D:1      | Reached XP level 1. HP: 16/16 MP: 1/1
   183 | D:1      | Gained mutation: You have a pair of small horns on your
                  | head. [demonic ancestry]
   183 | D:1      | Reached XP level 2. HP: 22/22 MP: 2/2
   653 | D:2      | Reached skill level 1 in Armour
   653 | D:2      | Reached XP level 3. HP: 24/28 MP: 3/3
  1101 | D:2      | Gained mutation: You have a pair of horns on your head.
                  | [demonic ancestry]
  1101 | D:2      | Reached XP level 4. HP: 19/34 MP: 4/4
  1622 | D:3      | Paralysed by something for 4 turns
  1632 | D:3      | Reached skill level 3 in Fighting
  2233 | D:3      | Found a faded altar of an unknown god.
  2300 | D:4      | Noticed Sigmund
  2356 | D:4      | Killed Sigmund
  2357 | D:4      | Reached XP level 5. HP: 29/41 MP: 5/5
  2357 | D:4      | Gained mutation: You have an unusually large brain. (Int
                  | +2) [demonic ancestry]
  2357 | D:4      | Reached XP level 6. HP: 33/47 MP: 6/6
  2421 | D:4      | Found a shimmering altar of Xom.
  2480 | D:4      | Found a basalt altar of Yredelemnul.
  3039 | D:5      | Entered Level 5 of the Dungeon
  3077 | D:5      | Reached skill level 4 in Fighting
  3152 | D:5      | Found a staircase to the Ecumenical Temple.
  3168 | Temple   | Entered the Ecumenical Temple
  3274 | Temple   | Became a worshipper of Hepliaklqana the Forgotten
  3317 | D:5      | Reached XP level 7. HP: 33/54 MP: 7/7
  4177 | D:5      | Found a runed translucent door.
  4375 | D:5      | Reached * piety under Hepliaklqana
  4722 | D:5      | Noticed ezpacito's ghost (novice CoCK)
  4736 | D:5      | Killed ezpacito's ghost
  4737 | D:5      | Reached skill level 5 in Fighting
  4737 | D:5      | Reached skill level 5 in Polearms
  4737 | D:5      | Reached skill level 5 in Dodging
  4737 | D:5      | Gained mutation: Your demonic aura sometimes causes spilled
                  | blood to erupt in flames. [demonic ancestry]
  4737 | D:5      | Reached XP level 8. HP: 56/56 MP: 8/8
  5045 | D:6      | Identified the +6 trident of Beogh's Esteem {freeze, rCorr
                  | Str+3}
  5251 | D:6      | Reached skill level 6 in Fighting
  5251 | D:6      | Reached skill level 5 in Armour
  5500 | D:6      | Reached XP level 9. HP: 62/62 MP: 9/9
  5599 | D:7      | Found Daopno's Jewellery Boutique.
  5617 | D:7      | Found an ornate altar of the Wu Jian Council.
  5650 | D:7      | Noticed Jeremiah
  5681 | D:7      | Identified the +10 dagger of Jainkev {antimagic, Dex+5}
  5686 | D:7      | Found Xinem's Antique Armour Emporium.
  5850 | D:7      | Reached skill level 7 in Fighting
  5869 | D:7      | Killed from afar by Jeremiah

Illustrated notes

Levels and vault maps discovered:
D:1:      dpeg_arrival_pits, layout_basic, minmay_gold_behind_fungi,
          minmay_pentomino_p4
D:2:      layout_basic, kennysheep_cluttered_room, guppyfry_early_lair_pool
D:3:      layout_loops_ring, shapermc_ecumenical_altar_mp_vishouse,
          dreamdust_princess_corridor, nrook_mini_backslash
D:4:      layout_basic, mainiacjoe_overflow_tiny_flanked,
          yredelemnul_altar_generic, grunt_ministairs_2, uniq_sigmund
D:5:      layout_basic, minmay_temple_entry_mini_moons,
          ebering_ghost_reflecting_pool
D:6:      kennysheep_six_static_rooms, layout_rooms, minmay_misc_feat_room
D:7:      layout_rooms, mainiacjoe_overflow_catwalk, serial_shops,
          nicolae_shop_hallway_stairs, nicolae_square_shop, enter_bailey_8,
          grunt_tough_drop, uniq_jeremiah
Temple:   compressed_dpeg_triangle_lava_temple

Skill      XL: |  1  2  3  4  5  6  7  8  9 |
---------------+----------------------------+-----
Polearms       | 3 4 5 6 |  6.8
Dodging        | 3 4 5 6 |  6.8
Armour         | 1 2 3 4 5 6 |  6.1
Fighting       | 3 4 5 6 7 |  7.1
Throwing       | |  1.7

Action                     |  1- 3 |  4- 6 |  7- 9 || total
---------------------------+-------+-------+-------++-------
  Melee: Trident           |   120 |   145 |   207 ||   472
         Headbutt          |     7 |    19 |    24 ||    50
  Throw: Throwing net      |       |     2 |       ||     2
 Invoke: Recall Ancestor   |       |       |     1 ||     1
    Use: Scroll            |     2 |    11 |     2 ||    15
         Potion            |       |     2 |     3 ||     5
   Stab: Sleeping          |     3 |     6 |     1 ||    10
         Held in net/web   |       |     3 |       ||     3
         Distracted        |       |       |     1 ||     1
 Armour: Leather armour    |    59 |    86 |    83 ||   228
  Dodge: Dodged            |    58 |    64 |    94 ||   216

Table legend: (Time is in decaauts)
 A = Elapsed time spent in this place.
 B = Non-inter-level travel time spent in this place.
 C = Inter-level travel time spent in this place.
 D = Time resting spent in this place.
 E = Time spent auto-exploring this place.
 F = Levels seen in this place.
 G = Mean time per level.
                   A        B        C        D        E       F      G
               +--------+--------+--------+--------+--------+-----+--------+
         Total |   5916 |   5773 |    143 |     18 |   4589 |   8 |  739.5 |
       Dungeon |   5800 |   5657 |    143 |     18 |   4493 |   7 |  828.6 |
        Temple |    116 |    116 |      0 |      0 |     96 |   1 |  116.0 |
               +--------+--------+--------+--------+--------+-----+--------+

Top non-repeatable levels by time:
     D:5: 1638 daAuts
     D:2: 874 daAuts
     D:6: 818 daAuts
     D:3: 810 daAuts
     D:4: 738 daAuts
     D:1: 650 daAuts
     D:7: 268 daAuts
  Temple: 116 daAuts
